 Dungeon Crawl Stone Soup version 0.20.0-8-g6b59dc7 (webtiles) character file.

157471 Chiseanne the Eternal Night (level 16, -1/109 HPs)
             Began as a Demonspawn Wanderer on May 30, 2017.
             Was the Champion of Dithmenos.
             Killed from afar by an ogre mage (45 damage)
             ... with a crystal spear
             ... led by an ironheart preserver
             ... on level 1 of the Vaults.
             The game lasted 03:00:11 (36732 turns).

Chiseanne the Eternal Night (Demonspawn Wanderer)  Turns: 36732, Time: 03:00:12

Health: -1/109     AC: 16    Str: 16    XL:     16   Next: 85%
Magic:  0/28       EV: 27    Int: 18    God:    Dithmenos [******]
Gold:   634        SH:  0    Dex: 23    Spells: 16/32 levels left

rFire    + . .     SeeInvis .   s - +3 morningstar (protect)
rCold    . . .     Gourm    .   (no shield)
rNeg     . . .     Faith    .   r - +2 troll leather armour
rPois    +         Spirit   +   G - +2 hat {Int+3}
rElec    .         Reflect  .   H - +0 cloak
rCorr    .         Harm     .   z - +0 pair of fencer's gloves {+Riposte Dex+3}
MR       +....                  D - +2 pair of boots
Stlth    +++++++++.             i - amulet of guardian spirit
Regen    1.1/turn               o - ring of poison resistance
MPRegen  0.3/turn               x - ring of wizardry

@: agile, berserk cooldown, slowed, wreathed by umbra, drained, very slow
A: claws 2, molten scales 3, deformed body, frail 1, foul stench 1, regeneration
1, spiny 1, no potion heal 1, rot immunity
}: 1/15 runes: decaying
a: Shadow Step, Shadow Form, Renounce Religion


You were on level 1 of the Vaults.
You worshipped Dithmenos.
Dithmenos was exalted by your worship.
You were full.

You visited 5 branches of the dungeon, and saw 28 of its levels.
You also visited: Labyrinth and Wizlab.

You collected 2947 gold pieces.
You spent 2313 gold pieces at shops.

Inventory:

Hand Weapons
 a - a +2 rapier of freezing
 d - a +1 demon whip of electrocution
 e - a +4 blowgun
 q - a +2 hunting sling of velocity
 s - a +3 morningstar of protection (weapon)
 u - the +9 long sword "Qicsaq Coses" {antimagic, *Noise rElec rF+ rC+}
   (You bought it in a shop on level 2 of the Orcish Mines)

   It reduces the magical energy of the wielder, and disrupts the spells and
   magical abilities of those hit.
   Natural abilities and divine invocations are not affected.
   It protects you from fire.
   It protects you from cold.
   It insulates you from electricity.
   It may make noises in combat.
 w - a +4 hand crossbow
 V - the +7 long sword of Tonezy {drain, SInv}
   (You found it on level 5 of the Lair of Beasts)

   A truly terrible weapon, it drains the life of those it strikes.
   It lets you see invisible.
Missiles
 g - 90 bolts
 l - 3 throwing nets {!*}
 A - 61 sling bullets
 I - 5 silver tomahawks
 N - 4 tomahawks of returning
 O - 8 needles of confusion
 S - 21 tomahawks (quivered)
 T - 13 curare-tipped needles
 W - 59 poisoned needles
Armour
 r - a +2 troll leather armour (worn)
 z - the +0 pair of fencer's gloves (worn) {+Riposte Dex+3}
   (You acquired it on level 4 of the Lair of Beasts)

   It affects your dexterity (+3).
 D - a +2 pair of boots (worn)
 G - a +2 hat of intelligence (worn)
 H - a +0 cloak (worn)
Magical Staves
 p - an uncursed staff of summoning
 y - an uncursed staff of poison
Jewellery
 i - an amulet of guardian spirit (around neck)
 m - an uncursed ring of ice
 o - a ring of poison resistance (left hand)
 x - a ring of wizardry (right hand)
 C - an uncursed ring of protection from magic
Wands
 v - a wand of acid (0/15)
 B - a wand of paralysis (6/24)
 E - a wand of acid (0/15)
 R - a wand of paralysis (5/24)
Scrolls
 L - 2 scrolls of silence
 M - 10 scrolls of remove curse
 U - 2 scrolls of torment
Potions
 c - a potion of flight
 Q - a potion of cancellation
 Y - a potion of agility
Books
 t - Dumecauje's Papyrus of Companions
   (You found it in a wizard's laboratory)

   Spells                             Type                      Level
   a - Call Imp                       Summoning                    2
   b - Recall                         Summoning/Translocation      3
   c - Malign Gateway                 Summoning/Translocation      7
 X - a book of the Dragon

   Spells                             Type                      Level
   a - Flame Tongue                   Conjuration/Fire             1
   b - Cause Fear                     Hexes                        4
   c - Bolt of Fire                   Conjuration/Fire             6
   d - Dragon Form                    Transmutation                7
   e - Dragon's Call                  Summoning                    9
 Z - the Grimoire of Creation
   (You found it in a wizard's laboratory)

   Spells                             Type                      Level
   a - Call Imp                       Summoning                    2
   b - Summon Ice Beast               Ice/Summoning                4
   c - Summon Lightning Spire         Summoning/Air                4
   d - Summon Mana Viper              Hexes/Summoning              5
   e - Summon Forest                  Summoning/Translocation      5
   f - Dragon's Call                  Summoning                    9
Miscellaneous
 n - a phial of floods
 P - a lightning rod (4/4)
Comestibles
 b - 12 meat rations
 f - 18 bread rations


   Skills:
 - Level 10.0(9.4) Fighting
 - Level 4.9(4.4) Short Blades
 - Level 1.0(0.5) Maces & Flails
 - Level 5.7(9.2) Slings
 - Level 9.4(8.8) Crossbows
 - Level 12.0(11.9) Throwing
 - Level 6.3(5.8) Armour
 - Level 12.0(11.4) Dodging
 - Level 11.6(11.0) Stealth
 - Level 8.8(8.3) Spellcasting
 - Level 1.3(0.8) Hexes
 - Level 1.5(1.0) Summonings
 - Level 5.0(4.5) Air Magic
 - Level 5.2(4.7) Poison Magic
 + Level 14.3(13.7) Invocations


You had 16 spell levels left.
You knew the following spells:

 Your Spells              Type           Power        Failure   Level  Hunger
a - Poisonous Vapours     Pois/Air       ###...       1%          2    None
b - Summon Lightning Spi  Summ/Air       ###.....     14%         4    ###....
c - Ensorcelled Hibernat  Hex/Ice        #.....       6%          2    None
d - Mephitic Cloud        Conj/Pois/Air  ###.....     4%          3    None
e - Cause Fear            Hex            ##........   30%         4    ###....
f - Apportation           Tloc           #.....       4%          1    None


Dungeon Overview and Level Annotations

Branches:
Dungeon (15/15)            Temple (0/1) D:7            Lair (6/6) D:9
  Swamp (4/4) Lair:4       Spider (0/4) Lair:4        Slime (0/5) Lair:6
    Orc (2/2) D:12            Elf (0/3) Orc:2        Vaults (1/5) D:14
 Depths (0/5) D:15

Altars:
Dithmenos
Elyvilon
Fedhas
Hepliaklqana
Kikubaaqudgha
Nemelex Xobeh
Ru
Sif Muna
Uskayaw
Vehumet
Yredelemnul
The Shining One

Shops:
D:5 *   D:11 %   Orc:2 [}*(=

Annotations:
D:3 tschems's ghost, amateur HuFi
D:7 teko's ghost, novice TrMo
Swamp:3 Bai Suzhen
Swamp:4 exclusion: upstairs


Innate Abilities, Weirdness & Mutations

You have very sharp fingernails.
You are completely covered in molten scales. (AC +4, rF+)
You may emit foul miasma when damaged in melee.
You are partially covered in sharp spines.
You are immune to rotting.
Armour fits poorly on your strangely shaped body.
You are frail. (-10% HP)
Your natural rate of healing is unusually fast.
Potions are less effective at restoring your health.


Message History

The vault sentinel shimmers and vanishes!
The ogre mage completely misses you. The two-headed ogre misses you.
The two-headed ogre completely misses you.
The ogre mage is struck by your spines. The ogre mage closely misses you.
Evoke which item? (* to show all) (? for menu, Esc to quit)
Aiming: Paralyse (will waste charges)
Press: ? - help, Shift-Dir - straight line, f/p - two-headed ogre
Aim: a two-headed ogre, wielding a giant spiked club and a giant club (black smoke, almost dead, umbra, chance to defeat MR: 28%)
The two-headed ogre suddenly stops moving!
Evoking this partially-identified wand wasted a few charges.
The ogre mage mumbles some strange words.
The ogre mage blinks!
Evoke which item? (* to show all) (? for menu, Esc to quit)
Aiming: Corrosive Bolt (will waste charges)
Press: ? - help, Shift-Dir - straight line, f - ogre mage, p - two-headed ogre
Aim: an ogre mage, wielding a spear and wearing a robe (black smoke, heavily wounded, covered in acid, umbra) Nothing appears to happen.
The ogre mage casts a spell at you. The crystal spear hits you!
You die...

..............................#
..............................#
..............................#
..............................#
######'##################.....#
##.#)## #[....# ##^...)##
#.....# #.......#########
#.....# ##.....##OOOO@Op#
#.....# #.......#O#####p##
#.....# ##^...^#(c#.∩.#§p#
#.....###
##.#.##..#8.8#z§#####.....#..
######..#...#poOOo.#.....#..
****** #(.##.##ooRo..#.....'..
,,,,,* #.(.((.oH.....#.....#..
,,,,,*
####[(..oc#......#.....+..
,,,,,*
#....(.....z((...#.....+..


You could see a sphinx, 2 vault guards, a rakshasa, a skeletal warrior, a
two-headed ogre (paralysed), an ogre mage, a vault sentinel, a yaktaur, 2 orc
warriors, an ogre, an orc priest and an orc.

Vanquished Creatures
  A Hellbinder (WizLab)
  Rupert (Lair:6)
  Gastronok (D:12)
  4 thorn hunters (Swamp:4)
  A balrug (WizLab)
  A cacodemon (WizLab)
  A vault warden (Vaults:1)
  2 ironheart preservers (Vaults:1)
  A very ugly thing (Swamp:4)
  A blizzard demon (WizLab)
  2 fire dragons
  Snorg (Orc:2)
  A minotaur (Lab)
  15 hydras
  Harold (Lair:1)
  6 vault guards
  A hell beast (WizLab)
  2 ogre magi (Vaults:1)
  2 centaur warriors
  The ghost of hawthornbunny the Slicer, a journeyman HaHu of Nemelex Xobeh (D:11)
  5 death yaks
  An alligator (Swamp:3)
  9 two-headed ogres
  4 orc high priests (Orc:2)
  A soul eater (WizLab)
  4 sun demons (WizLab)
  Sonja (Lair:2)
  A deep elf knight (Vaults:1)
  A shadow wraith (Vaults:1)
  4 spriggans
  3 unseen horrors
  A spriggan druid (Swamp:4)
  7 swamp dragons (Swamp:4)
  A lindwurm (Lair:6)
  2 shambling mangroves
  A wizard (Vaults:1)
  An ironbrand convoker (Vaults:1)
  3 deep elf magi
  8 orc knights
  2 orc sorcerers (Orc:2)
  2 cyclopes (D:12)
  2 manticores
  2 ugly things
  The ghost of Chiseanne the Magician, a novice DsWz (D:5)
  3 wolf spiders
  4 oklob plants (Lair:5)
  3 centaur zombies
  12 black mambas
  Joseph (D:8)
  Maurice (D:8)
  2 vault sentinels (Vaults:1)
  17 elephants
  2 molten gargoyles (Lair:6)
  4 gargoyles
  13 spiny frogs
  3 freezing wraiths
  A kobold demonologist (WizLab)
  A rime drake (Lair:5)
  An ice devil (WizLab)
  13 komodo dragons
  5 trolls
  2 tyrant leeches
  9 hornets
  8 hippogriffs
  20 slime creatures
  13 blink frogs
  2 bog bodies
  2 wraiths (Vaults:1)
  2 redbacks (Lair:4)
  27 yaks
  A shadow (D:13)
  An air elemental (Orc:2)
  Grum (Lair:1)
  2 vampires (D:12)
  A human (D:8)
  3 basilisks (Lair:6)
  A wyvern (D:13)
  3 hungry ghosts
  4 hogs (D:8)
  4 steam dragons
  21 vampire mosquitoes
  4 swamp worms
  2 soldier ants
  8 wargs
  4 insubstantial wisps (Swamp:4)
  An acid dragon (D:13)
  5 hell hounds (Lair:6)
  8 porcupines
  8 swamp drakes
  9 water moccasins
  47 orc warriors
  5 ice beasts
  3 black bears
  A hornet zombie (D:13)
  6 sky beasts
  3 phantoms
  14 ogres
  3 wolves
  18 centaurs
  10 crocodiles
  2 big kobolds (D:12)
  18 bullfrogs
  A gnoll sergeant (D:10)
  2 wyvern zombies
  A wyvern skeleton (D:11)
  2 scorpions
  9 killer bees
  14 wights
  6 electric eels
  5 howler monkeys
  6 crimson imps
  4 lava snakes (Lair:6)
  A quasit (D:11)
  3 centaur skeletons
  2 bullfrog zombies
  23 jellies
  49 orc priests
  4 hounds
  31 orc wizards
  3 bullfrog skeletons
  5 iguanas
  5 worker ants
  3 hound zombies
  A hound skeleton (D:6)
  A worker ant zombie (D:9)
  12 gnolls
  10 adders
  A river rat (D:9)
  10 shadow imps
  4 oozes
  3 adder zombies
  An adder skeleton (D:5)
  7 worms
  2 dart slugs
  4 leopard geckos
  118 orcs
  6 bats
  9 giant cockroaches
  5 hobgoblins
  12 jackals
  14 kobolds
  8 quokkas
  A ball python (D:6)
  5 frilled lizards
  4 goblins
  A jackal skeleton (D:7)
  A leopard gecko zombie (D:5)
  9 rats
933 creatures vanquished.

Vanquished Creatures (collateral kills)
  A reaper (WizLab)
  A green death (WizLab)
  A hydra (Swamp:4)
  An alligator (Swamp:3)
  A ghost crab (Swamp:4)
  An orc high priest (Orc:2)
  A soul eater (WizLab)
  A swamp dragon (Swamp:4)
  An orc knight (Vaults:1)
  2 shambling mangroves (Swamp:4)
  An orange demon (WizLab)
  A kobold demonologist (WizLab)
  A red devil (WizLab)
  3 hornets (Swamp:4)
  A bog body (Swamp:4)
  3 slime creatures
  2 yaks (Lair:6)
  4 vampire mosquitoes
  A swamp drake (Swamp:2)
  3 orc warriors (Orc:2)
  A bullfrog (Lair:5)
  3 orc priests (Orc:2)
  4 orcs (Orc:2)
  A plant (Lair:4)
40 creatures vanquished.

Vanquished Creatures (others)
  Fannar (D:10)
  A deep elf mage (D:14)
  A ynoxinul (WizLab)
  A jelly (D:14)
  An ufetubus (WizLab)
  5 fungi (Lair:2)
  3 plants
13 creatures vanquished.

Grand Total: 986 creatures vanquished

Notes
Turn   | Place    | Note
-------+----------+-------------------------------------------
     0 | D:1      | Chiseanne the Demonspawn Wanderer began the quest for the Orb.
     0 | D:1      | Chiseanne set off with: a +2 hand crossbow, 26 bolts, a +0 ring mail, a potion of curing, a bread ration
     0 | D:1      | Reached XP level 1. HP: 15/15 MP: 1/1
   133 | D:1      | Gained mutation: You are immune to rotting. [demonic ancestry]
   133 | D:1      | Reached XP level 2. HP: 19/21 MP: 2/2
   963 | D:2      | Reached XP level 3. HP: 26/26 MP: 3/3
  1135 | D:2      | Found a shadowy altar of Dithmenos.
  1146 | D:2      | Became a worshipper of Dithmenos the Shadowed
  1222 | D:2      | Found a radiant altar of Vehumet.
  1247 | D:2      | Found an ancient bone altar of Kikubaaqudgha.
  1314 | D:2      | Reached skill level 1 in Dodging
  1649 | D:3      | Reached XP level 4. HP: 33/33 MP: 4/4
  1773 | D:3      | Reached * piety under Dithmenos
  1854 | D:3      | Found a faded altar of an unknown god.
  1961 | D:3      | Found a glowing golden altar of the Shining One.
  1997 | D:3      | Noticed tschems's ghost (amateur HuFi)
  1999 | D:3      | Found a sparkling altar of Nemelex Xobeh.
  2371 | D:3      | Found a blossoming altar of Fedhas.
  2644 | D:4      | Reached XP level 5. HP: 39/39 MP: 5/5
  2837 | D:4      | Gained mutation: You are partially covered in sharp spines. [demonic ancestry]
  2837 | D:4      | Reached XP level 6. HP: 46/46 MP: 6/6
  3407 | D:5      | Entered Level 5 of the Dungeon
  3427 | D:4      | Reached ** piety under Dithmenos
  3851 | D:5      | Reached XP level 7. HP: 47/52 MP: 7/7
  3889 | D:5      | Found Ttta's Tempting Trifles.
  3903 | D:5      | Bought a scroll of teleportation for 30 gold pieces
  3903 | D:5      | Bought a cursed ring of teleportation for 45 gold pieces
  4218 | D:5      | Noticed Chiseanne's ghost (novice DsWz)
  4299 | D:5      | Killed Chiseanne's ghost
  4299 | D:5      | Reached skill level 5 in Crossbows
  4299 | D:5      | Reached skill level 5 in Armour
  4480 | D:5      | Reached XP level 8. HP: 56/61 MP: 8/8
  5049 | D:5      | Got an ancient dagger
  5050 | D:5      | Identified the cursed +1 dagger "Sanen" {speed, *Corrode rF+ rC+} (You found it on level 5 of the Dungeon)
  5055 | D:5      | Found a hide-covered altar of Uskayaw.
  5059 | D:5      | Noticed a dagger
  5061 | D:5      | Noticed a hand axe
  5240 | D:5      | Found a hazy altar of Hepliaklqana.
  5775 | D:6      | Reached skill level 5 in Fighting
  6334 | D:6      | Reached skill level 5 in Dodging
  6440 | D:6      | Reached *** piety under Dithmenos
  6601 | D:6      | Gained mutation: You have sharp fingernails. [demonic ancestry]
  6601 | D:6      | Reached XP level 9. HP: 57/69 MP: 6/9
  7165 | D:5      | Bought a +0 troll leather armour for 150 gold pieces
  7338 | D:7      | Noticed teko's ghost (novice TrMo)
  7497 | D:7      | Found a staircase to the Ecumenical Temple.
  7945 | D:8      | Reached **** piety under Dithmenos
  8111 | D:8      | Gained mutation: You are partially covered in molten scales. (AC +2) [demonic ancestry]
  8111 | D:8      | Reached XP level 10. HP: 75/79 MP: 10/10
  8268 | D:8      | Noticed Joseph
  8284 | D:8      | Killed Joseph
  8349 | D:8      | Noticed Maurice
  8356 | D:8      | Killed Maurice
  8367 | D:8      | Found a white marble altar of Elyvilon.
  8549 | D:8      | Found a basalt altar of Yredelemnul.
  8642 | D:9      | Noticed a death yak
  8667 | D:9      | Noticed a two-headed ogre
  8710 | D:8      | Killed a death yak
  8762 | D:9      | Noticed a death yak
  8762 | D:9      | Noticed a death yak
  8806 | D:8      | Killed a death yak
  8806 | D:8      | Reached skill level 5 in Stealth
  9128 | D:9      | Found a staircase to the Lair.
  9141 | D:9      | Killed a two-headed ogre
  9276 | D:9      | Killed a death yak
  9276 | D:9      | Reached XP level 11. HP: 61/87 MP: 8/11
  9574 | D:9      | Found a deep blue altar of Sif Muna.
  9681 | D:9      | Found a sacrificial altar of Ru.
  9979 | D:10     | Entered Level 10 of the Dungeon
 10049 | D:10     | Noticed Fannar
 10086 | D:10     | HP: 1/87 [Fannar/Ozocubu's Refrigeration (22)]
 10086 | D:10     | Killed Fannar
 10545 | D:10     | Noticed a two-headed ogre
 10555 | D:10     | Killed a two-headed ogre
 11525 | D:11     | Noticed a two-headed ogre
 11542 | D:11     | Killed a two-headed ogre
 11654 | D:11     | Noticed hawthornbunny's ghost (journeyman HaHu)
 11672 | D:11     | Reached ***** piety under Dithmenos
 11907 | D:11     | Found a labyrinth entrance.
 11912 | Lab      | Entered a labyrinth
 12198 | Lab      | Learned a level 2 spell: Poisonous Vapours
 13233 | Lab      | Noticed a minotaur
 13249 | Lab      | Killed a minotaur
 13446 | D:11     | Killed an unseen horror
 13533 | D:11     | Noticed a red ugly thing
 13623 | D:11     | Killed hawthornbunny's ghost
 13810 | D:10     | Killed a red ugly thing
 13810 | D:10     | Reached skill level 1 in Spellcasting
 13810 | D:10     | Gained mutation: You may emit foul miasma when damaged in melee. [demonic ancestry]
 13810 | D:10     | Reached XP level 12. HP: 67/97 MP: 9/13
 14003 | D:11     | Found Juahob's Food Emporium.
 14176 | D:12     | Reached skill level 10 in Fighting
 14658 | D:12     | Found a staircase to the Orcish Mines.
 14787 | D:12     | Reached skill level 1 in Short Blades
 15998 | Orc:1    | Entered Level 1 of the Orcish Mines
 16562 | D:13     | Noticed a two-headed ogre
 16580 | D:13     | Killed a two-headed ogre
 16604 | D:13     | Noticed a two-headed ogre
 16625 | D:13     | Killed a two-headed ogre
 16733 | D:13     | Noticed a centaur warrior
 16739 | D:13     | Killed a centaur warrior
 16807 | D:13     | Reached skill level 10 in Dodging
 17449 | D:13     | Reached ****** piety under Dithmenos
 17459 | D:13     | Reached skill level 5 in Spellcasting
 17704 | D:14     | Gained mutation: You have very sharp fingernails. [demonic ancestry]
 17704 | D:14     | Reached XP level 13. HP: 96/103 MP: 18/20
 18044 | D:14     | Found a gate to the Vaults.
 19217 | D:14     | Reached skill level 1 in Slings
 19545 | D:14     | Reached skill level 10 in Stealth
 19862 | D:14     | Learned a level 1 spell: Apportation
 20044 | D:15     | Entered Level 15 of the Dungeon
 20056 | D:15     | Noticed a fire dragon
 20057 | D:15     | Found a staircase to the Depths.
 20063 | D:15     | Killed a fire dragon
 20100 | D:15     | Learned a level 2 spell: Ensorcelled Hibernation
 20104 | D:15     | Learned a level 3 spell: Mephitic Cloud
 20302 | Lair:1   | Entered Level 1 of the Lair of Beasts
 20560 | Lair:1   | Noticed Grum
 20585 | Lair:1   | Killed Grum
 20601 | Lair:1   | Reached skill level 1 in Poison Magic
 21424 | Lair:1   | Noticed Harold
 21441 | Lair:1   | Killed Harold
 21441 | Lair:1   | Reached skill level 1 in Air Magic
 21888 | Lair:2   | Noticed Sonja
 21891 | Lair:2   | Killed Sonja
 22614 | Lair:2   | Gained mutation: You are mostly covered in molten scales. (AC +3) [demonic ancestry]
 22614 | Lair:2   | Reached XP level 14. HP: 59/110 MP: 12/24
 24197 | Lair:4   | Got a warped scale mail
 24198 | Lair:4   | Identified the +0 scale mail "Ricaugh" {*Corrode rC+ rN+} (You found it on level 4 of the Lair of Beasts)
 24263 | Lair:4   | Identified a scroll of acquirement
 24546 | Lair:4   | Found a hole to the Spider Nest.
 24711 | Lair:4   | Found a staircase to the Swamp.
 25106 | Lair:5   | Got a scorched long sword
 25110 | Lair:5   | Identified the +7 long sword of Tonezy {drain, SInv} (You found it on level 5 of the Lair of Beasts)
 25223 | Lair:5   | Got an ancient hunting sling
 25224 | Lair:5   | Identified the cursed +1 hunting sling of the Lesser Evil {flame, +Inv Int+5} (You found it on level 5 of the Lair of Beasts)
 25322 | Lair:5   | Reached skill level 5 in Slings
 25808 | Lair:6   | Entered Level 6 of the Lair of Beasts
 26025 | Lair:6   | Noticed Rupert
 26045 | Lair:6   | Killed Rupert
 26324 | Lair:6   | Found a staircase to the Slime Pits.
 26770 | Lair:6   | Reached skill level 5 in Poison Magic
 26905 | Lair:6   | Gained mutation: You are completely covered in molten scales. (AC +4, rF+) [demonic ancestry]
 26905 | Lair:6   | Reached XP level 15. HP: 78/115 MP: 18/27
 27312 | Lair:6   | Found a large runed door.
 27314 | Lair:6   | Found a large runed door.
 27865 | D:15     | Learned a level 4 spell: Summon Lightning Spire
 27870 | D:15     | Learned a level 4 spell: Cause Fear
 28506 | Orc:1    | Noticed Gastronok
 28644 | D:12     | Reached skill level 1 in Summonings
 28818 | Orc:1    | Reached skill level 1 in Hexes
 28835 | D:12     | Killed Gastronok
 28835 | D:12     | Reached skill level 5 in Air Magic
 29213 | D:5      | Bought a manual of Throwing for 1104 gold pieces
 29578 | Orc:2    | Entered Level 2 of the Orcish Mines
 29794 | Orc:2    | Noticed Snorg
 29896 | Orc:2    | Killed Snorg
 30028 | Orc:2    | Found a staircase to the Elven Halls.
 30295 | Orc:2    | Reached skill level 5 in Throwing
 30400 | Orc:2    | Gained mutation: Armour fits poorly on your strangely shaped body. [a neqoxec]
 30686 | Orc:2    | Found Romeseos's Armour Emporium.
 31234 | Orc:2    | Found Desoaxzo's Jewellery Shop.
 31236 | Orc:2    | Found Muynioz's Antique Weapon Shop.
 31240 | Orc:2    | Found Siashrof's Assorted Antiques.
 31241 | Orc:2    | Found Emakomna's Gadget Shop.
 31249 | Orc:2    | Bought a warped long sword for 246 gold pieces
 31250 | Orc:2    | Identified the +9 long sword "Qicsaq Coses" {antimagic, *Noise rElec rF+ rC+} (You bought it in a shop on level 2 of the Orcish Mines)
 31253 | Orc:2    | Bought a fine trident for 246 gold pieces
 31254 | Orc:2    | Identified the +0 trident of Abomination {pierce, Str+4 SInv} (You bought it in a shop on level 2 of the Orcish Mines)
 31257 | Orc:2    | Bought a polished great sword for 333 gold pieces
 31257 | Orc:2    | Bought a glowing blowgun for 159 gold pieces
 31259 | Orc:2    | Identified the +1 great sword of Tagges {drain, Int+2} (You bought it in a shop on level 2 of the Orcish Mines)
 31988 | Swamp:1  | Entered Level 1 of the Swamp
 32130 | Lair:4   | Paralysed by a hornet for 2 turns
 32419 | Swamp:1  | Reached skill level 10 in Throwing
 32549 | Swamp:3  | Noticed Bai Suzhen
 32640 | Swamp:4  | Entered Level 4 of the Swamp
 32920 | Swamp:4  | Noticed a thorn hunter
 32929 | Swamp:4  | Killed a thorn hunter
 33011 | Swamp:4  | Noticed a thorn hunter
 33025 | Swamp:4  | Killed a thorn hunter
 33057 | Swamp:4  | Noticed a thorn hunter
 33493 | Swamp:4  | Noticed a thorn hunter
 33502 | Swamp:4  | Reached skill level 1 in Invocations
 33509 | Swamp:4  | Killed a thorn hunter
 33509 | Swamp:4  | Reached skill level 3 in Invocations
 33514 | Swamp:4  | Reached XP level 16. HP: 96/122 MP: 11/28
 33570 | Swamp:4  | Reached skill level 4 in Invocations
 33636 | Swamp:4  | Reached skill level 5 in Invocations
 33755 | Swamp:4  | Reached skill level 6 in Invocations
 33776 | Swamp:4  | Reached skill level 7 in Invocations
 33799 | Swamp:4  | Killed a thorn hunter
 33813 | Swamp:4  | Reached skill level 8 in Invocations
 34104 | Swamp:4  | Got a decaying rune of Zot
 34257 | Swamp:3  | Reached skill level 9 in Invocations
 34328 | Swamp:3  | Noticed a thorn hunter
 34676 | Vaults:1 | Entered Level 1 of the Vaults
 34778 | Vaults:1 | Found a magical portal.
 34799 | Vaults:1 | Reached skill level 10 in Invocations
 34806 | WizLab   | Entered The Hall of the Hellbinder
 35182 | WizLab   | Gained mutation: Your natural rate of healing is unusually fast. [a cacodemon]
 35189 | WizLab   | Gained mutation: You are frail. (-10% HP) [a cacodemon]
 35199 | WizLab   | Gained mutation: Potions are less effective at restoring your health. [a cacodemon]
 35205 | WizLab   | Reached skill level 11 in Invocations
 35511 | WizLab   | Reached skill level 12 in Invocations
 35895 | WizLab   | Noticed Jumatauq
 35898 | WizLab   | Found a burning altar of Makhleb.
 35907 | WizLab   | Killed Jumatauq the Hellbinder
 36274 | WizLab   | Identified the Grimoire of Creation
 36306 | WizLab   | Identified Dumecauje's Papyrus of Companions
 36534 | Vaults:1 | Reached skill level 13 in Invocations
 36709 | Vaults:1 | Noticed a sphinx
 36718 | Vaults:1 | Reached skill level 14 in Invocations
 36732 | Vaults:1 | Killed from afar by an ogre mage

Skill      XL: |  1  2  3  4  5  6  7  8  9 10 11 12 13 14 15 16 |
---------------+-------------------------------------------------+-----
Armour         | 3 4 5 6 |  6.3
Crossbows      | 3 4 5 6 7 8 9 |  9.4
Dodging        | 1 2 3 4 5 6 7 9 10 11 12 | 12.0
Fighting       | 2 3 4 5 7 8 9 10 | 10.0
Stealth        | 3 5 8 9 10 11 | 11.6
Spellcasting   | 1 5 7 8 |  8.8
Short Blades   | 4 |  4.9
Slings         | 3 5 |  5.7
Poison Magic   | 2 5 |  5.2
Air Magic      | 2 4 5 |  5.0
Summonings     | 1 |  1.5
Hexes          | 1 |  1.3
Throwing       | 12 | 12.0
Invocations    | 3 14 | 14.3
Maces & Flails | |  1.0

Action                   |  1- 3 |  4- 6 |  7- 9 | 10-12 | 13-15 | 16-18 || total
-------------------------+-------+-------+-------+-------+-------+-------++-------
Melee: Short sword       |       |    37 |   271 |     8 |       |       ||   316
       Morningstar       |       |       |    28 |   587 |   551 |   200 ||  1366
       Dagger            |       |       |       |    18 |   162 |       ||   180
       Hand crossbow     |       |       |       |     1 |       |       ||     1
       Battleaxe         |       |       |       |       |    34 |       ||    34
       Rapier            |       |       |       |       |    79 |    17 ||    96
       Staff             |       |       |       |       |     1 |       ||     1
       Long sword        |       |       |       |       |       |     5 ||     5
 Fire: Hand crossbow     |   116 |    67 |    71 |   146 |   260 |    36 ||   696
       Hunting sling     |       |       |       |       |   237 |       ||   237
       Blowgun           |       |       |       |       |     1 |       ||     1
Throw: Stone             |     3 |     3 |     3 |     3 |     2 |       ||    14
       Tomahawk          |       |       |       |       |    85 |    42 ||   127
 Cast: Poisonous Vapours |       |       |       |       |    13 |       ||    13
       Ensorcelled Hiber |       |       |       |       |    15 |     4 ||    19
       Mephitic Cloud    |       |       |       |       |    59 |    13 ||    72
       Summon Lightning  |       |       |       |       |    41 |    36 ||    77
       Apportation       |       |       |       |       |     1 |     4 ||     5
       Cause Fear        |       |       |       |       |     1 |       ||     1
Invok: Shadow Step       |       |       |       |       |    11 |     5 ||    16
       Shadow Form       |       |       |       |       |       |     1 ||     1
Evoke: Wand              |       |     4 |       |    30 |    12 |     9 ||    55
       Lightning rod     |       |       |       |     4 |     7 |     1 ||    12
       Phial of floods   |       |       |       |       |     3 |     1 ||     4
       Box of beasts     |       |       |       |       |     1 |       ||     1
  Use: Scroll            |     5 |     9 |     6 |     8 |    20 |    14 ||    62
       Potion            |       |     2 |     2 |    11 |     4 |    17 ||    36
 Stab: Sleeping          |       |       |     2 |    18 |    47 |    10 ||    77
       Paralysed         |       |       |       |     5 |     3 |     1 ||     9
       Distracted        |       |       |       |     6 |     7 |     5 ||    18
       Confused          |       |       |       |       |    10 |     4 ||    14
       Invisible         |       |       |       |       |       |     2 ||     2
  Eat: Chunk             |     2 |     5 |    15 |    23 |    48 |       ||    93
       Fruit             |       |     1 |       |    10 |     4 |     1 ||    16
       Royal jelly       |       |       |       |     1 |     3 |     9 ||    13
Armor: Ring mail         |    25 |    29 |    81 |   314 |   118 |       ||   567
       Skin              |       |       |     9 |    26 |       |       ||    35
       Troll leather arm |       |       |    28 |       |   291 |   119 ||   438
Dodge: Dodged            |    48 |    62 |   198 |   737 |  1383 |   520 ||  2948
       Rpst.: Morningstar |       |       |       |       |    92 |    93 ||   185
       Dagger            |       |       |       |       |    15 |       ||    15
       Rapier            |       |       |       |       |    18 |     8 ||    26
       Hand crossbow     |       |       |       |       |    10 |     2 ||    12
       Staff             |       |       |       |       |    17 |       ||    17
       Battleaxe         |       |       |       |       |     8 |       ||     8
       Hunting sling     |       |       |       |       |     3 |       ||     3
       Long sword        |       |       |       |       |       |     1 ||     1
